 Dungeon Crawl Stone Soup version 0.23.2-40-g277498a001 (webtiles) character file.

Game seed: 4766763446584154939

3575 DeltaSign the Cleaver (level 9, -3/82 HPs)
             Began as a Minotaur Berserker on May 6, 2019.
             Was an Elder of Trog.
             Slain by Harold
             ... wielding a +0 halberd
              (14 damage)
             ... on level 8 of the Dungeon on Sept 25, 2019.
             The game lasted 00:33:11 (6596 turns).

DeltaSign the Cleaver (Minotaur Berserker)          Turns: 6596, Time: 00:33:12

Health: -3/82      AC: 16    Str: 24    XL:     9   Next: 84%
Magic:  8/8        EV:  9    Int:  4    God:    Trog [****..]
Gold:   456        SH:  8    Dex: 11    Spells: 8/8 levels left

rFire    + . .     SeeInvis .   a - +0 hand axe
rCold    . . .     Gourm    .   A - +0 buckler
rNeg     . . .     Faith    .   x - +0 plate armour
rPois    .         Spirit   .   (helmet restricted)
rElec    .         Reflect  +   u - +0 cloak (curse)
rCorr    .         Harm     .   (no gloves)
MR       .....                  m - +0 pair of boots
Stlth    ..........             e - +4 amulet of reflection
HPRegen  0.23/turn              t - ring of protection from fire
MPRegen  0.11/turn              (no ring)

@: marked, berserk cooldown, slowed, very slow
A: retaliatory headbutt, horns 2
a: Berserk, Trog's Hand, Brothers in Arms, Renounce Religion


You were on level 8 of the Dungeon.
You worshipped Trog.
Trog was greatly pleased with you.
You were not hungry.

You visited 1 branch of the dungeon, and saw 8 of its levels.

You collected 456 gold pieces.

Inventory:

Hand Weapons
 a - a +0 hand axe (weapon)
Armour
 m - a +0 pair of boots (worn)
 u - a cursed +0 cloak (worn)
 x - a +0 plate armour (worn)
 A - a +0 buckler (worn)
Jewellery
 e - a +4 amulet of reflection (around neck)
 t - a ring of protection from fire (left hand)
Wands
 d - a wand of paralysis (7)
 s - a wand of random effects (10)
 v - a wand of enslavement (10)
 y - a wand of polymorph (6)
Scrolls
 b - 3 scrolls of remove curse
 h - 3 scrolls of enchant armour
 i - a scroll of enchant weapon
 j - a scroll of fog
 k - 2 scrolls of silence
 l - 3 scrolls of immolation
 B - a scroll of blinking {unknown}
 C - 2 scrolls of magic mapping
Potions
 f - 4 potions of invisibility
 g - a potion of might
 o - a potion of brilliance
 p - a potion of resistance
 q - a potion of ambrosia
 r - a potion of curing {unknown}
 z - a potion of lignification {unknown}
Comestibles
 c - 12 rations
 n - 6 chunks of flesh


   Skills:
 + Level 8.3 Fighting
 * Level 11.1 Axes
 + Level 7.8 Armour
 + Level 7.1 Dodging
 + Level 2.1 Shields


You had 8 spell levels left.
You didn't know any spells.
Your spell library was empty.

Dungeon Overview and Level Annotations

Branches:
Dungeon (8/15)             Temple (0/1) D:7
   Lair: D:8-11

Altars:
Dithmenos
Fedhas
Qazlal
Ru
Uskayaw
Xom
Yredelemnul
Zin

Shops:
D:7 ?

Annotations:
D:8 Harold


Innate Abilities, Weirdness & Mutations

You reflexively headbutt those who attack you in melee.
You have a pair of horns on your head.


Message History

Harold is heavily wounded.
You block Harold's attack.
You barely miss Harold.
Harold is heavily wounded.
You block Harold's attack.
You hit Harold.
Harold is severely wounded.
Harold hits you with a +0 halberd!
* * * LOW HITPOINT WARNING * * *
You hit Harold but do no damage. You headbutt Harold, but do no damage.
Harold is severely wounded.
Harold hits you but does no damage.
You hit Harold but do no damage. You headbutt Harold, but do no damage.
Harold is heavily wounded.
Harold hits you with a +0 halberd!
* * * LOW HITPOINT WARNING * * *
You hit Harold. You headbutt Harold, but do no damage.
Harold is severely wounded.
Harold hits you with a +0 halberd!
You die...

..........######
...........#.#
........รท....#####
........##.#.....#
>................#
.................#
..........###....####
#...........##.@....#
#........##..##.@...#
........##....#.....#
...##...#._...#....##
...#....##....#...###
...#.....##..##.....#
............#####...#
..........###........
.............#......##
...........#.#.....##


You could see Harold.

Vanquished Creatures
  Pikel (D:4)
  Sigmund (D:3)
  5 yaks (D:8)
  2 orc warriors
  A black bear (D:7)
  4 ice beasts
  A slave (D:4)
  5 ogres
  3 centaurs (D:5)
  2 scorpions
  A howler monkey (D:5)
  2 crimson imps
  A hound (D:7)
  6 orc wizards
  3 jellies
  Ijyb (D:4)
  Jessica (D:3)
  An iguana (D:4)
  4 worker ants
  Robin (D:3)
  10 adders
  A shadow imp (D:7)
  An ooze (D:5)
  3 worms
  3 dart slugs
  3 leopard geckos
  20 orcs
  4 giant cockroaches
  8 hobgoblins
  8 jackals
  3 quokkas
  2 ball pythons
  11 bats
  4 frilled lizards
  15 goblins
  13 kobolds
  A leopard gecko skeleton (D:4)
  7 rats
163 creatures vanquished.

Notes
Turn   | Place    | Note
-------+----------+-------------------------------------------
     0 | D:1      | DeltaSign the Minotaur Berserker began the quest for the
                  | Orb.
     0 | D:1      | Reached XP level 1. HP: 19/19 MP: 0/0
   180 | D:1      | Reached XP level 2. HP: 21/27 MP: 1/1
   192 | D:1      | Reached skill level 4 in Axes
   830 | D:1      | Reached ** piety under Trog
  1121 | D:2      | Reached XP level 3. HP: 33/33 MP: 2/2
  1644 | D:2      | Reached XP level 4. HP: 37/40 MP: 3/3
  1691 | D:2      | Found a blossoming altar of Fedhas.
  1692 | D:2      | Found a hide-covered altar of Uskayaw.
  1692 | D:2      | Found a sacrificial altar of Ru.
  1692 | D:2      | Found a shimmering altar of Xom.
  2229 | D:3      | Noticed Robin
  2232 | D:3      | Reached skill level 5 in Axes
  2241 | D:3      | Killed Robin
  2337 | D:3      | Noticed Jessica
  2342 | D:3      | Killed Jessica
  2342 | D:3      | Reached XP level 5. HP: 47/47 MP: 4/4
  2343 | D:3      | Reached *** piety under Trog
  2472 | D:3      | Noticed Sigmund
  2484 | D:3      | Killed Sigmund
  2484 | D:3      | Reached skill level 6 in Axes
  2484 | D:3      | Reached XP level 6. HP: 36/55 MP: 5/5
  2641 | D:3      | Reached skill level 5 in Fighting
  2877 | D:3      | Upgraded the game from 0.23.2-1-ga50397a6bc to
                  | 0.23.2-33-g5129a83184
  3362 | D:4      | Found a glowing silver altar of Zin.
  3463 | D:4      | Noticed a slave
  3463 | D:4      | Noticed a slave
  3465 | D:4      | Noticed Pikel
  3465 | D:4      | Noticed a slave
  3471 | D:4      | Noticed a slave
  3477 | D:4      | Killed a slave
  3488 | D:4      | Killed Pikel
  3488 | D:4      | Reached skill level 7 in Axes
  3488 | D:4      | Reached skill level 5 in Armour
  3488 | D:4      | Reached XP level 7. HP: 33/63 MP: 6/6
  3684 | D:4      | Noticed Ijyb
  3699 | D:4      | Killed Ijyb
  3721 | D:5      | Entered Level 5 of the Dungeon
  3721 | D:5      | Found a basalt altar of Yredelemnul.
  3766 | D:5      | Reached skill level 8 in Axes
  3766 | D:5      | Reached XP level 8. HP: 55/70 MP: 7/7
  3767 | D:5      | Reached skill level 5 in Dodging
  4107 | D:5      | Found a stormy altar of Qazlal.
  4448 | D:6      | Reached skill level 9 in Axes
  5002 | D:7      | Reached XP level 9. HP: 70/79 MP: 8/8
  5055 | D:7      | Found Poon's Magic Scroll Shop.
  5067 | D:7      | Upgraded the game from 0.23.2-33-g5129a83184 to
                  | 0.23.2-40-g277498a001
  5316 | D:7      | Reached **** piety under Trog
  5336 | D:7      | Found a staircase to the Ecumenical Temple.
  5408 | D:7      | Reached skill level 10 in Axes
  6441 | D:8      | Found a shadowy altar of Dithmenos.
  6537 | D:8      | Noticed Harold
  6551 | D:8      | Reached skill level 1 in Shields
  6556 | D:8      | Reached skill level 11 in Axes
  6596 | D:8      | Slain by Harold

Skill      XL: |  1  2  3  4  5  6  7  8  9 |
---------------+----------------------------+-----
Axes           | 4 5 6 7 8 9 11 | 11.1
Fighting       | 4 6 7 8 |  8.3
Armour         | 3 4 5 6 7 |  7.8
Dodging        | 3 4 6 7 |  7.1
Shields        | 2 |  2.1

Action                   |  1- 3 |  4- 6 |  7- 9 || total
-------------------------+-------+-------+-------++-------
Melee: Hand axe          |    70 |   100 |   266 ||   436
       Headbutt          |    11 |    22 |    71 ||   104
Invok: Berserk           |       |     3 |     3 ||     6
  Use: Scroll            |       |     3 |    13 ||    16
  Eat: Chunk             |     2 |     4 |    12 ||    18
       Ration            |       |     1 |     1 ||     2
Armor: Animal skin       |    14 |       |       ||    14
       Ring mail         |     9 |    25 |    12 ||    46
       Plate armour      |       |       |    74 ||    74
Dodge: Dodged            |    64 |    55 |   104 ||   223
Block: Other             |       |    13 |    15 ||    28
       Reflection        |       |       |     3 ||     3
       Buckler           |       |       |     8 ||     8
